 Dungeon Crawl Stone Soup version 0.28.0-43-g3370ac3207 (webtiles) character file.

Game seed: 1719357640411533042

548 unlimited1921 the Ogre Mage (level 7, -7/70 HPs)
             Began as an Ogre Fire Elementalist on Mar 20, 2022.
             Mangled by Harold
             ... wielding a +1 mace of venom
              (22 damage)
             ... on level 7 of the Dungeon.
             The game lasted 00:14:49 (9730 turns).

unlimited1921 the Ogre Mage (OgFE)                  Turns: 9730, Time: 00:14:50

Health: -7/70      AC:  3    Str: 13    XL:     7   Next: 28%
Magic:  18/23      EV: 10    Int: 24    God:
Gold:   23         SH:  0    Dex:  9    Spells: 14/15 levels left

rFire   . . .      SeeInvis .   y - +0 war axe
rCold   . . .      Faith    .   (no shield)
rNeg    . . .      Spirit   .   a - +0 robe
rPois   .          Reflect  .   (helmet restricted)
rElec   .          Harm     .   (no cloak)
rCorr   .          Rampage  .   (gloves unavailable)
Will    .....                   (boots unavailable)
Stlth   ++........              d - amulet of regeneration
HPRegen 1.01/turn               e - ring of magical power
MPRegen 0.18/turn               w - +6 ring of intelligence

@: marked
A: large, unfitting armour, tough skin 1
a: no special abilities


You were on level 7 of the Dungeon.
You visited 1 branch of the dungeon, and saw 5 of its levels.

You collected 119 gold pieces.
You spent 96 gold pieces at shops.

Inventory:

Hand Weapons
 g - a +1 whip of freezing
 j - a +0 short sword
 k - a +0 hunting sling
 y - a +0 war axe (weapon)
Missiles
 h - 4 silver javelins
 o - 68 stones
 v - 22 sling bullets
 A - 5 poisoned darts
Armour
 a - a +0 robe (worn)
Jewellery
 d - an amulet of regeneration (around neck)
 e - a ring of magical power (left hand)
 i - an amulet of reflection
 w - a +6 ring of intelligence (right hand)
Wands
 s - a wand of flame (29)
Scrolls
 l - a scroll of enchant armour {unknown}
 m - a scroll of enchant weapon {unknown}
 n - 2 scrolls of acquirement {unknown}
 p - a scroll of magic mapping {unknown}
 t - a scroll of teleportation
 u - a scroll of immolation
 x - a scroll of fog
 z - a scroll of torment {unknown}
Potions
 b - a potion of invisibility
 c - a potion of curing {unknown}
 f - 2 potions of lignification {unknown}
 q - a potion of cancellation
 r - a potion of might {unknown}


   Skills:
 * Level 4.1 Fighting
 + Level 2.1 Dodging
 + Level 2.3 Stealth
 + Level 4.7 Spellcasting
 + Level 2.6 Conjurations
 + Level 4.4 Fire Magic


You had 14 spell levels left.
You knew the following spells:

 Your Spells              Type           Power      Damage    Failure   Level
a - Foxfire               Conj/Fire      88%        2x1d8     2%          1

Your spell library contained the following spells:

 Spells                   Type           Power      Damage    Failure   Level
 Scorch                   Fire           52%        2d7       2%          2
 Conjure Flame            Conj/Fire      22%        6-21      6%          3
 Inner Flame              Hex/Fire       16%        N/A       11%         3
 Flame Wave               Conj/Fire      22%        2d7       22%         4


Dungeon Overview and Level Annotations

Branches:
Dungeon (4/15)
 Temple: D:4-7

Altars:

Shops:
D:4 ?

Annotations:
D:7 Harold


Innate Abilities, Weirdness & Mutations

You are too large for most types of armour.
You have tough skin. (AC +1)


Message History

You conjure some foxfire!
Casting: Foxfire (safe; 2% risk of failure)
Confirm with . or Enter, or press ? or * to list all spells.
You conjure some foxfire!
The foxfire hits the centaur.
The centaur is lightly wounded.
The centaur shoots an arrow.
The arrow closely misses you. Harold shouts, "Can you die now?
I had plans for the rest of the day!"
Casting: Foxfire (safe; 2% risk of failure)
Confirm with . or Enter, or press ? or * to list all spells.
You conjure some foxfire!
The foxfire hits Harold.
Harold is lightly wounded.
The foxfire hits the centaur but does no damage.
The centaur is lightly wounded.
The foxfire hits Harold but does no damage.
Harold is lightly wounded.
Casting: Foxfire (safe; 2% risk of failure)
Confirm with . or Enter, or press ? or * to list all spells.
You don't know that spell.
Unknown command.
Casting: Foxfire (safe; 2% risk of failure)
Confirm with . or Enter, or press ? or * to list all spells.
You conjure some foxfire!
The foxfire hits Harold.
Harold is lightly wounded.
The foxfire hits Harold.
Harold is lightly wounded.
The centaur shoots an arrow.
The arrow closely misses you.
Harold hits you with a +1 mace of venom!
* * * LOW HITPOINT WARNING * * *
Casting: Foxfire (safe; 2% risk of failure)
Confirm with . or Enter, or press ? or * to list all spells.
You conjure some foxfire!
The foxfire hits the centaur but does no damage.
The centaur is lightly wounded.
The foxfire hits the centaur.
The centaur is moderately wounded.
The foxfire hits the centaur.
The centaur is heavily wounded.
A wight comes into view.
It is wielding a +4 war axe of freezing.
Harold hits you with a +1 mace of venom!!
You die...

#### ....#
######.....
##..........
#...v§..#
####...@§.###
#..###@c.§..#
##...#.n..#..#
###.@......##
..#
#....z....##
...
...........##
..
..##.........#
. #..........#
..............


You could see Harold (ally target), a necrophage, a centaur and a wight.

Vanquished Creatures
  Sigmund (D:2)
  Pargi (D:3)
  A jelly (D:3)
  A centaur skeleton (D:4)
  2 iguanas
  Natasha (D:3)
  Robin (D:3)
  4 gnolls (D:4)
  2 adders
  2 adder skeletons (D:4)
  A worm (D:2)
  2 dart slugs
  An orc (D:4)
  3 bats
  11 endoplasms
  A giant cockroach (D:3)
  10 goblins
  8 hobgoblins
  2 quokkas (D:3)
  8 ball pythons
  5 frilled lizards
  4 kobolds
  10 rats
82 creatures vanquished.

Vanquished Creatures (collateral kills)
  A foxfire (D:3)
1 creature vanquished.

Vanquished Creatures (others)
  341 foxfires
341 creatures vanquished.

Grand Total: 424 creatures vanquished

Notes
Turn   | Place    | Note
-------+----------+-------------------------------------------
     0 | D:1      | unlimited1921 the Ogre Fire Elementalist began the quest
                  | for the Orb.
     0 | D:1      | Reached XP level 1. HP: 16/16 MP: 3/3
   565 | D:1      | Reached XP level 2. HP: 24/24 MP: 2/5
  2228 | D:1      | Reached skill level 1 in Conjurations
  3033 | D:2      | Reached XP level 3. HP: 32/32 MP: 7/7
  3035 | D:2      | Reached skill level 1 in Fighting
  3424 | D:2      | Noticed Sigmund
  3445 | D:2      | Killed Sigmund
  3446 | D:2      | Reached XP level 4. HP: 44/44 MP: 9/9
  3446 | D:2      | Reached XP level 5. HP: 50/50 MP: 9/10
  5481 | D:2      | Reached XP level 6. HP: 56/59 MP: 11/11
  6866 | D:3      | Noticed Pargi
  6892 | D:3      | Killed Pargi
  6951 | D:3      | Identified the +2 leather armour of Nuwoguus {+Blink rElec
                  | rF-}
  7528 | D:3      | Identified the +1 helmet of a wizard's laboratory {Int+6}
  7528 | D:3      | Noticed Robin
  7535 | D:3      | Killed Robin
  8201 | D:3      | Noticed Natasha
  8206 | D:3      | Killed Natasha
  8207 | D:3      | Reached XP level 7. HP: 67/67 MP: 13/13
  8505 | D:4      | Found Othrag's Magic Scroll Emporium.
  8568 | D:4      | Bought 2 scrolls of identify for 48 gold pieces
  8568 | D:4      | Bought a scroll of fog for 24 gold pieces
  8568 | D:4      | Bought a scroll of identify for 24 gold pieces
  9716 | D:4      | You fall into a shaft and drop 3 floors!
  9716 | D:7      | Noticed Harold
  9730 | D:7      | Mangled by Harold

Illustrated notes

Levels and vault maps discovered:
D:1:      minmay_arrival_split_and_join, layout_rooms, corner_web_ring,
          hangedman_decor_diamond_cutter
D:2:      layout_rooms, uniq_sigmund
D:3:      layout_basic, small_statue_intersection,
          chequers_serial_rivers_micro_d, uniq_pargi, uniq_natasha, uniq_robin
D:4:      layout_loops_ring, serial_shops, nicolae_diamond_shop, shop,
          hangedman_decor_push, minmay_ogre_servants
D:7:      cheibrodos_steamvent, layout_cave_pools, uniq_harold

Skill      XL: |  1  2  3  4  5  6  7 |
---------------+----------------------+-----
Fire Magic     | 3 4 |  4.4
Dodging        | 2 |  2.1
Conjurations   | 1 2 |  2.6
Fighting       | 2 3 4 |  4.1
Stealth        | 2 |  2.3
Spellcasting   | 3 4 |  4.7

Action                   |  1- 3 |  4- 6 |  7- 9 || total
-------------------------+-------+-------+-------++-------
Melee: Unarmed           |     2 |       |       ||     2
       Whip              |       |    19 |     2 ||    21
       War axe           |       |       |     6 ||     6
 Cast: Foxfire           |    51 |   119 |    45 ||   215
  Use: Scroll            |       |       |     4 ||     4
 Stab: Sleeping          |       |     1 |       ||     1
Armor: Robe              |     2 |    10 |     3 ||    15
Dodge: Dodged            |     3 |    27 |    13 ||    43
